AoeStats
← Narishma91

Arabia

510829564Analyzed
1v1 RM · 17h ago on Oct 2, 2026· 66m 44s· 2 players
Game mode
Random Map
Map size
Tiny (2 player)
Population
200
Speed
Normal
Resources
Standard
Victory
Conquest
Starting age
Dark Age
Ending age
Imperial Age
RankedLock teamsTeams togetherTeam positionsShared explorationLock speedFull tech treeHidden civsTurbo modeCheats
Victory
Defeat
🇧🇬 Japanese · Bulgaria
640
+17
🇺🇦 Spanish · Ukraine
664
-31
Narishma91
12:14 Feudal Age
10:34 Loom
12:56 Double-Bit Axe
12:56 Horse Collar
18:21 Castle Age
16:51 Forging
16:48 Scale Mail Armor
19:07 Heavy Plow
19:20 Bow Saw
20:43 Man-at-Arms
20:46 Pikeman
21:29 Squires
23:39 Iron Casting
24:20 Chain Mail Armor
25:56 Wheelbarrow
26:08 Town Watch
31:19 Man-at-Arms
31:47 Gambesons
38:19 Imperial Age
36:14 Ballistics
35:35 Treadmill Crane
36:06 Masonry
37:30 Gold Mining
38:29 Hand Cart
39:26 Conscription
41:09 Conscription
40:18 Halberdier
42:01 Blast Furnace
41:32 Plate Mail Armor
41:10 Stone Mining
42:47 Two-Man Saw
42:30 Kataparuto
42:34 Elite Samurai
51:09 Fletching
51:21 Padded Archer Armor
50:49 Long Swordsman
52:32 Chemistry
52:15 Yasama
55:25 Gold Shaft Mining
63:47 Bodkin Arrow
64:08 Leather Archer Armor
64:06 Spies/Treason
65:41 Town Patrol
LDJDF
11:40 Feudal Age
9:56 Loom
15:45 Castle Age
14:07 Double-Bit Axe
19:59 Husbandry
20:02 Horse Collar
20:37 Bow Saw
21:17 Wheelbarrow
21:08 Town Watch
23:33 Bloodlines
23:43 Scale Barding Armor
24:28 Heavy Plow
25:02 Light Cavalry
25:50 Murder Holes
26:17 Ballistics
27:36 Chain Barding Armor
27:17 Scale Mail Armor
27:29 Forging
28:45 Hand Cart
30:18 Town Patrol
34:42 Imperial Age
32:54 Iron Casting
35:54 Conscription
35:16 Elite Conquistador
37:28 Plate Barding Armor
38:39 Blast Furnace
37:24 Cavalier
39:16 Two-Man Saw
41:37 Chemistry
40:57 Padded Archer Armor
40:47 Fletching
41:57 Thumb Ring
47:13 Bodkin Arrow
47:33 Leather Archer Armor
51:12 Gold Mining
51:13 Elite Skirmisher
52:28 Ring Archer Armor
51:58 Bracer
54:48 Supremacy
Connection lost

Rejoining the realm…

Still unreachable

The connection could not be restored.

Session expired

The server has moved on; the page needs a fresh start.